AoeStats
← 扒皮狗

Arena

507964352Analyzed
3v3 RM · 12d ago on Sep 20, 2026· 36m 55s· 6 players
Game mode
Random Map
Map size
Normal (6 player)
Population
200
Speed
Normal
Resources
Standard
Victory
Conquest
Starting age
Dark Age
Ending age
Imperial Age
RankedLock teamsTeams togetherTeam positionsShared explorationLock speedFull tech treeHidden civsTurbo modeCheats
Victory
Defeat
🇨🇳 Franks · China
1495
+10
🇨🇳 Italians · China
1454
+11
🇨🇳 Spanish · China
1217
+21
🇨🇭 Spanish · Switzerland
1406
-17
🇨🇭 Romans · Switzerland
1374
-15
🇺🇸 Tupi · United States
1244
-10
ElacraiTGs
9:30 Feudal Age
13:57 Castle Age
12:31 Horse Collar
13:06 Double-Bit Axe
21:54 Heavy Plow
22:51 Bow Saw
24:03 Wheelbarrow
25:58 Hand Cart
25:52 Scale Mail Armor
25:47 Gold Mining
26:41 Coinage
26:43 Loom
27:28 Chain Mail Armor
30:12 Imperial Age
27:45 Man-at-Arms
28:42 Chain Mail Armor
29:16 Forging
28:38 Long Swordsman
29:39 Squires
29:52 Pikeman
31:11 Iron Casting
31:13 Comitatenses
30:51 Legionary
31:34 Halberdier
33:16 Blast Furnace
31:56 Capped Ram
Phanatic
11:28 Feudal Age
15:01 Castle Age
13:47 Loom
14:28 Double-Bit Axe
14:29 Horse Collar
14:49 Stone Mining
18:47 Fletching
26:21 Ballistics
27:30 Bodkin Arrow
32:13 Padded Archer Armor
34:17 Wheelbarrow
34:24 Leather Archer Armor
Arangaar
10:42 Feudal Age
14:26 Castle Age
13:01 Double-Bit Axe
14:25 Horse Collar
15:52 Bow Saw
20:39 Wheelbarrow
21:01 Heavy Plow
22:29 Hand Cart
23:02 Gold Mining
23:06 Stone Mining
27:54 Imperial Age
26:01 Scale Barding Armor
27:01 Bloodlines
26:52 Husbandry
27:14 Chain Barding Armor
27:05 Forging
27:17 Loom
29:20 Iron Casting
28:37 Cavalier
30:21 Plate Barding Armor
30:18 Conscription
31:32 Blast Furnace
31:46 Coinage
32:28 Paladin
扒皮狗
10:26 Feudal Age
14:56 Castle Age
29:11 Horse Collar
29:25 Double-Bit Axe
29:34 Gold Mining
31:33 Bow Saw
33:57 Town Watch
34:49 Wheelbarrow
34:38 Loom
神明
10:07 Feudal Age
11:00 Loom
14:12 Castle Age
12:49 Double-Bit Axe
12:46 Horse Collar
15:38 Wheelbarrow
18:55 Heavy Plow
24:25 Imperial Age
24:08 Fletching
24:19 Padded Archer Armor
27:48 Chemistry
27:14 Ballistics
28:21 Bow Saw
30:10 Bodkin Arrow
34:24 Hand Cart
33:54 Town Watch
郁离
10:31 Feudal Age
11:23 Double-Bit Axe
14:32 Castle Age
15:30 Bow Saw
15:58 Wheelbarrow
15:35 Loom
23:02 Town Watch
23:44 Hand Cart
23:44 Gold Mining
28:28 Imperial Age
26:39 Gold Shaft Mining
26:21 Scale Barding Armor
27:08 Forging
26:59 Loom
27:00 Town Watch
28:32 Chain Barding Armor
28:47 Iron Casting
28:32 Husbandry
28:28 Stone Mining
28:33 Cavalier
29:51 Plate Barding Armor
30:03 Chivalry
29:55 Paladin
31:46 Blast Furnace
31:38 Conscription
34:24 Coinage
34:55 Fletching
Connection lost

Rejoining the realm…

Still unreachable

The connection could not be restored.

Session expired

The server has moved on; the page needs a fresh start.